 Dungeon Crawl Stone Soup version 0.26.1-11-gd32895ea62 (webtiles) character file.

Game seed: 2208763959448420392

294 wafflestompin the Sneak (level 6, -1/29 HPs)
             Began as a Spriggan Enchanter on May 15, 2021.
             Was an Initiate of Dithmenos.
             Slain by a jelly (3 damage)
             ... on level 5 of the Dungeon.
             The game lasted 00:32:14 (7507 turns).

wafflestompin the Sneak (Spriggan Enchanter)        Turns: 7507, Time: 00:32:15

Health: -1/29      AC: -6    Str:  5    XL:     6   Next: 11%
Magic:  10/12      EV: 20    Int: 17    God:    Dithmenos [......]
Gold:   205        SH:  0    Dex: 17    Spells: 6/12 levels left

rFire    . . .     SeeInvis +   a - +1 dagger
rCold    . . .     Faith    .   (shield restricted)
rNeg     . . .     Spirit   .   b - +0 robe
rPois    .         Reflect  .   (helmet restricted)
rElec    .         Harm     .   (no cloak)
rCorr    .         Rampage  .   (gloves unavailable)
Will     +....                  (boots unavailable)
Stlth    ++++......             (no amulet)
HPRegen  0.09/turn              (no ring)
MPRegen  0.13/turn              (no ring)

@: corroded, very slightly contaminated, very quick
A: very small, unfitting armour, see invisible, speed 3
a: Renounce Religion


You were on level 5 of the Dungeon.
You worshipped Dithmenos.
Dithmenos was noncommittal.
You visited 1 branch of the dungeon, and saw 5 of its levels.

You collected 205 gold pieces.

Inventory:

Hand Weapons
 a - a +1 dagger (weapon)
 t - a +2 whip of electrocution
 y - a +0 hunting sling
Missiles
 c - 173 stones (quivered)
 l - 7 curare-tipped darts
 p - 30 bolts
 q - 6 javelins
 s - a throwing net
Armour
 b - a +0 robe (worn)
 h - a +0 robe
 v - a +0 helmet
 x - the +1 chain mail of the Iron Devil {Will++ MP+9 Str-5 Int+6, unknown}
   (You found it on level 4 of the Dungeon)

   It affects your strength (-5).
   It affects your intelligence (+6).
   It affects your willpower, your defense against some magical effects.
   It affects your magic capacity (+9).
Wands
 u - a wand of polymorph (11)
 w - a wand of iceblast (5)
Scrolls
 e - 2 scrolls of enchant weapon {unknown}
 g - a scroll of fear {unknown}
 i - 2 scrolls of identify {unknown}
 j - 2 scrolls of teleportation {unknown}
 m - 4 scrolls of remove curse {unknown}
 z - a scroll of amnesia {unknown}
Potions
 d - 2 potions of heal wounds
 f - a potion of berserk rage {unknown}
 k - 2 potions of curing {unknown}
 n - a potion of resistance {unknown}
 o - 2 potions of brilliance {unknown}
 r - 2 potions of might {unknown}


   Skills:
 + Level 0.3 Fighting
 * Level 2.6 Short Blades
 * Level 4.9 Dodging
 * Level 6.8 Stealth
 + Level 3.5 Spellcasting
 * Level 5.1 Hexes
 + Level 0.4 Ice Magic


You had 6 spell levels left.
You knew the following spells:

 Your Spells              Type           Power        Failure   Level
a - Corona                Hex            22%          1%          1
b - Ensorcelled Hibernat  Hex/Ice        24%          9%          2
c - Confusing Touch       Hex            20%          6%          3

Your spell library contained the following spells:

 Spells                   Type           Power        Failure   Level
 Tukima's Dance           Hex            20%          6%          3
 Dazzling Flash           Conj/Hex       22%          17%         3
 Gell's Gravitas          Tloc           1%           45%         3
 Metabolic Englaciation   Hex/Ice        6%           83%         5
 Yara's Violent Unravell  Hex/Tmut       5%           85%         5
 Petrify                  Tmut/Erth      2%           86%         4


Dungeon Overview and Level Annotations

Branches:
Dungeon (5/15)
 Temple: D:4-7

Altars:
Dithmenos

Annotations:
D:4 Edmund


Innate Abilities, Weirdness & Mutations

You are very small and have problems with some larger weapons.
You are too small for most types of armour.
You have supernaturally acute eyesight. (SInv)
You cover ground extremely quickly.


Message History

Okay, then.
Press: ? - help, v - describe, . - travel
Here: a jelly The floor.
Casting: Ensorcelled Hibernation (safe; 9% risk of failure)
Confirm with . or Enter, or press ? or * to list all spells.
Aiming: Ensorcelled Hibernation (safe; 9% risk of failure)
Press: ? - help, Shift-Dir - straight line, f - jelly
Aim: a jelly (chance to affect: 51%)
You miscast Ensorcelled Hibernation.
You are very lightly contaminated with residual magic.
Nothing appears to happen.
The jelly closely misses you.
You hit the jelly but do no damage.
Your hands burn!
The jelly hits you.
You are splashed with acid!
You hit the jelly. The acid corrodes you!
Your hands burn!
The jelly is lightly wounded.
The jelly hits you. The acid corrodes you!
You are splashed with acid!
* * * LOW HITPOINT WARNING * * *
The jelly hits you.
You die...

#.. #.#
#..######
......#
#....# ..##
#...#
#....##...#
#!.....#
####@..#
#J÷.# #...#
#...# #...#
#####


You could see a jelly.

Vanquished Creatures
  An iguana (D:4)
  4 worker ants (D:4)
  2 gnolls (D:2)
  A howler monkey skeleton (D:4)
  6 adders
  An ufetubus (D:3)
  An ooze (D:1)
  An adder skeleton (D:4)
  2 dart slugs
  3 leopard geckos
  5 giant cockroaches
  4 goblins
  7 hobgoblins
  4 jackals
  6 kobolds
  A quokka (D:2)
  8 bats
  10 frilled lizards
  A hobgoblin zombie (D:4)
  A jackal skeleton (D:4)
  A leopard gecko skeleton (D:4)
  11 rats
  A rat zombie (D:4)
82 creatures vanquished.

Notes
Turn   | Place    | Note
-------+----------+-------------------------------------------
     0 | D:1      | wafflestompin the Spriggan Enchanter began the quest for
                  | the Orb.
     0 | D:1      | Reached XP level 1. HP: 9/9 MP: 5/5
     2 | D:1      | Noticed a vine stalker
     2 | D:1      | Noticed a troll
     4 | D:1      | Noticed a felid
     4 | D:1      | Noticed a human
     6 | D:1      | Noticed a ghoul
     8 | D:1      | Noticed a demonspawn
     8 | D:1      | Noticed a vampire
    10 | D:1      | Noticed a tengu
    12 | D:1      | Noticed a spriggan
    12 | D:1      | Noticed an octopode
    14 | D:1      | Noticed a formicid
    14 | D:1      | Noticed a gargoyle
    16 | D:1      | Noticed a dwarf
    16 | D:1      | Noticed a demigod
    18 | D:1      | Noticed an elf
    18 | D:1      | Noticed an ogre
    20 | D:1      | Noticed a merfolk
    22 | D:1      | Noticed a minotaur
    22 | D:1      | Noticed a halfling
    24 | D:1      | Noticed a draconian
    24 | D:1      | Noticed a centaur
    26 | D:1      | Noticed a naga
   492 | D:1      | Reached XP level 2. HP: 12/13 MP: 4/6
   498 | D:1      | Learned a level 2 spell: Ensorcelled Hibernation
   663 | D:1      | Reached skill level 5 in Stealth
  1418 | D:1      | Reached XP level 3. HP: 16/16 MP: 8/8
  2427 | D:3      | Found a faded altar of an unknown god.
  2881 | D:3      | Reached XP level 4. HP: 21/21 MP: 6/9
  3712 | D:2      | Found a shadowy altar of Dithmenos.
  3789 | D:2      | Reached skill level 6 in Stealth
  4931 | D:2      | Reached XP level 5. HP: 13/24 MP: 5/10
  5131 | D:2      | Became a worshipper of Dithmenos the Shadowed
  5409 | D:2      | Learned a level 3 spell: Confusing Touch
  5827 | D:5      | Entered Level 5 of the Dungeon
  6317 | D:4      | Got a fine chain mail
  6425 | D:4      | Reached skill level 5 in Hexes
  6477 | D:4      | Noticed Edmund
  6838 | D:4      | Noticed a phantom
  7304 | D:4      | Reached XP level 6. HP: 28/28 MP: 2/12
  7507 | D:5      | Slain by a jelly

Illustrated notes

Levels and vault maps discovered:
D:1:      kb_arrival_jail, layout_loops_ring, amcnicky_mini_pool_small,
          patterned_corridor
D:2:      layout_loops_corners, grunt_dithmenos_smoke_and_mirrors
D:3:      layout_basic, chequers_ecumenical_altar_simple
D:4:      layout_loops_ring, enter_ossuary_3, uniq_edmund
D:5:      layout_rooms, nicolae_overflow_hidden_temple, basic_altar,
          grunt_ashenzari_visionary [grunt_ashenzari_visionary_shoals,
          grunt_ashenzari_visionary_spider], uniq_ijyb

Skill      XL: |  1  2  3  4  5 |
---------------+----------------+-----
Hexes          | 4 5 |  5.1
Stealth        | 5 6 |  6.8
Spellcasting   | 3 |  3.5
Dodging        | 4 |  4.9
Short Blades   | 2 |  2.6
Fighting       | |  0.3
Ice Magic      | |  0.4

Action                   |  1- 3 |  4- 6 || total
-------------------------+-------+-------++-------
Melee: Dagger            |   120 |   219 ||   339
Throw: Stone             |       |     9 ||     9
 Cast: Corona            |     5 |       ||     5
       Ensorcelled Hiber |    17 |    34 ||    51
  Use: Potion            |       |     2 ||     2
 Stab: Sleeping          |    21 |    21 ||    42
Armor: Robe              |    10 |    17 ||    27
Dodge: Dodged            |    73 |   198 ||   271
